Map: Oiseau de foudre EC

Players

ShaDoWn - Winner!

  • Race: Protoss Protoss
  • Spawn Location: 5:00

Scarlett

  • Race: Zerg Zerg
  • Spawn Location: 11:00

Event: 2019 WCS Summer

VOD

Have the link to the VOD?

Description

Time

  • Played on: July 13, 2019, 10:08 a.m.
  • Length: 9:24

All games in this series

Show
View Real Time Build Order
Export as new Build Order

ShaDoWn Protoss - Winner!

Build Orders:  

Get SALT Encoding   

  12  0:00  Probe  
  13  0:13  Probe  
  14  0:17  Pylon  
  14  0:24  Probe  
  15  0:32  Probe  
  15  0:37  Gateway  
  15  0:40  Probe  
  16  0:49  Assimilator  
  17  0:51  Probe  
  18  1:03  Probe  
  19  1:11  Forge  
  19  1:15  Probe  
  20  1:27  Cybernetics Core  
  20  1:28  Pylon  
  20  1:30  Probe  
  21  1:46  Photon Cannon  
  21  2:02  Photon Cannon  
  21  2:10  Robotics Facility  
  21  2:13  Photon Cannon  
  21  2:15  Shield Battery  
  21  2:27  Shield Battery  
  21  2:47  Immortal  
  21  2:56  Probe  
  26  3:00  Shield Battery  
  26  3:17  Immortal  
  26  3:18  Pylon  
  26  3:21  Pylon  
  30  3:37  Warp Gate  
  30  3:44  Probe  
  30  3:52  Warp Prism  
  29  3:56  Assimilator, Probe  
  31  4:06  Photon Cannon  
  31  4:15  Probe  
  32  4:17  Gateway  
  32  4:20  Gateway  
  32  4:30  Immortal  
  37  4:35  Shield Battery  
  35  5:11  Photon Cannon  
  32  5:17  Pylon  
  32  5:36  Adept  
  34  5:42  Adept  
  36  5:53  Adept  
  38  5:58  Pylon  
  38  6:12  Probe  
  38  6:16  Adept x2  
  43  6:24  Probe  
  44  6:31  Pylon  
  44  6:47  Pylon  
  44  6:48  Adept  
  46  7:01  Adept x2  
  50  7:10  Probe  
  51  7:27  Adept x3  
  57  7:30  Pylon  
  57  7:49  Adept x3  
  63  8:02  Pylon  
  63  8:13  Adept x3  
  69  8:26  Probe, Stargate  
  58  8:37  Stalker  
  58  8:38  Probe  
  51  8:48  Stalker  
  53  8:55  Shield Battery  
Show
View Real Time Build Order
Export as new Build Order

Scarlett Zerg 

Build Orders: Hatch First 

Get SALT Encoding   

  12  0:00  Drone  
  13  0:12  Overlord  
  13  0:17  Drone  
  14  0:31  Drone x2  
  16  0:47  Hatchery  
  15  0:51  Drone  
  15  0:55  Drone  
  17  0:58  Drone  
  17  1:03  Extractor  
  17  1:13  Spawning Pool  
  17  1:18  Drone  
  17  1:20  Drone  
  18  1:29  Drone  
  19  1:35  Extractor  
  18  1:40  Drone  
  19  1:50  Drone  
  20  2:01  Queen  
  20  2:05  Drone  
  25  2:20  Hatchery  
  24  2:25  Lair  
  24  2:28  Metabolic Boost  
  22  2:32  Zergling x2  
  22  2:33  Zergling x2  
  24  2:39  Overlord  
  24  2:47  Zergling x4  
  24  2:49  Zergling x2  
  27  2:58  Queen  
  29  3:06  Drone  
  29  3:07  Drone  
  32  3:12  Drone  
  32  3:13  Drone  
  33  3:21  Zergling x6  
  36  3:32  Nydus Network  
  37  3:55  Spawning Pool  
  36  4:05  Drone x3  
  36  4:06  Zergling x2  
  36  4:07  Zergling x6  
  42  4:13  Nydus Canal  
  36  4:28  Nydus Canal  
  36  4:43  Unknown  
  36  4:45  Unknown  
  34  4:52  Zergling x4  
  36  4:54  Overlord  
  36  4:59  Nydus Canal  
  33  5:08  Zergling x2  
  32  5:24  Queen  
  34  5:41  Zergling x6  
  37  5:43  Queen  
  38  6:28  Extractor x2  
  36  6:33  Drone, Overlord  
  36  6:34  Overlord  
  36  6:41  Spire  
  36  6:45  Overlord  
  35  7:00  Drone x2  
  36  7:04  Queen  
  38  7:10  Zergling x2  
  36  7:26  Zergling x4  
  36  7:27  Zergling x2  
  37  7:53  Mutalisk  
  37  7:54  Mutalisk  
  38  7:58  Mutalisk  
  36  8:33  Hatchery  
Tags
 
Add a new tag
Caveats
  • Supply blocks, unpowered buildings, or Contaminate may cause inaccurate times.
  • Supply counts are checked every 10 seconds.